 Dungeon Crawl Stone Soup version 0.31-a0-806-g0bc164a743 (webtiles) character file.

Game seed: 10037210035543577213

51 Nedwor the Chopper (level 3, 33/33 HPs)
             Began as a Minotaur Berserker on Sept 21, 2023.
             Was a Believer of Trog.
             Quit the game on level 2 of the Dungeon.
             The game lasted 00:01:32 (1253 turns).

Nedwor the Chopper (Minotaur Berserker)             Turns: 1253, Time: 00:01:33

Health: 33/33      AC:  8    Str: 23    XL:     3   Next: 57%
Magic:  2/2        EV: 10    Int:  4    God:    Trog [**....]
Gold:   91         SH:  0    Dex:  9    Spells: 2/2 levels left

rFire   . . .        a - +0 hand axe
rCold   . . .        (no shield)
rNeg    . . .        k - +1 scale mail {Will+}
rPois   .            (helmet restricted)
rElec   .            (no cloak)
rCorr   .            (no gloves)
SInv    .            i - +0 pair of boots
Will    +....        (no amulet) Stlth
                     (no ring)
HPRegen 0.25/turn    (no ring)
MPRegen 0.08/turn

%: no passive effects
@: very slow
A: horns 2, retaliatory headbutt
a: Renounce Religion, Berserk, Trog's Hand


You were on level 2 of the Dungeon.
You worshipped Trog.
Trog was pleased with you.
You visited 1 branch of the dungeon, and saw 2 of its levels.

You collected 91 gold pieces.

Inventory:

Hand Weapons
 a - a +0 hand axe (weapon)
Armour
 i - a +0 pair of boots (worn)
 k - a +1 scale mail of willpower (worn)
Scrolls
 b - a scroll of fog {unknown}
 c - 2 scrolls of immolation {unknown}
 d - 4 scrolls of identify {unknown}
 g - a scroll of summoning {unknown}
 h - a scroll of teleportation {unknown}
Potions
 e - a potion of curing {unknown}
 j - a potion of haste {unknown}


   Skills:
 + Level 4.0 Fighting
 * Level 4.5 Axes
 + Level 3.0 Armour
 + Level 2.8 Dodging


You had 2 spell levels left.
You didn't know any spells.
Your spell library was empty.

Dungeon Overview and Level Annotations

Branches:
Dungeon (2/15)

Altars:

Shops:
D:1 =


Innate Abilities, Weirdness & Mutations

You have a pair of horns on your head.
You reflexively headbutt those who attack you in melee.


Message History

Trog accepts your kill.
An endoplasm comes into view.
The endoplasm quivers.
An endoplasm is nearby!
An endoplasm is nearby!
An endoplasm is nearby!
The endoplasm freezes you.
You are frozen.
You hit the endoplasm.
The endoplasm is heavily wounded.
The endoplasm freezes you.
You are frozen.
You hit the endoplasm.
You kill the endoplasm!
Trog accepts your kill.
No target in view!
No target in view!
No target in view!
No target in view!
No target in view!
No target in view!
You see here a frilled lizard corpse.
Found a stone staircase leading down.
You enter the shallow water.
Moving in this stuff is going to be slow.
Done exploring.
Done exploring.
Done exploring.
Done exploring.
No target in view!
What level of the Dungeon? (default 2, ? - help) You're already here!
Done exploring.
Done exploring.
Done exploring.
What level of the Dungeon? (default 2, ? - help) You're already here!
Search for what [? for help]?
Okay, then.
Are you sure you want to abandon this character and quit the game? (Confirm with "yes".)

.....#.##...###...##.####.#.##[..
###.##.#..#.......##.####.#.##...
###.##.#.....##.........#.#.##...
..........#..##.####.##.#.#......
####.#...........###.##.#.....#..
#.###..~~~..♣..##......###.###
#.#.......~≈~.######.....#.#
#.#.#...♣~≈..~#### ###.#.#.#
#.#.##.##..≈~@...# #.#.#.#
#.......♣.≈..~♣..# #.....#
####.##..~.#..≈.>## #.....#
#.......~~~~~...~# #.#.#.#
#.##.##.##..♣~.~≈# #...#.#
#.##.##.~≈..~~~.~# #.###.#
#.##....~..~♣~≈~## #.....#
#.###........#### #.#####
#.###...###.....## #.#


There were no monsters in sight!

Vanquished Creatures
  An adder (D:2)
  2 worms (D:2)
  A dart slug (D:1)
  3 bats
  An endoplasm (D:2)
  A giant cockroach (D:2)
  5 goblins
  3 hobgoblins
  3 kobolds
  2 quokkas (D:2)
  3 ball pythons
  2 frilled lizards
  6 rats
33 creatures vanquished.

Notes
Turn   | Place    | Note
-------+----------+-------------------------------------------
     0 | D:1      | Nedwor the Minotaur Berserker began the quest for the Orb.
     0 | D:1      | Reached XP level 1. HP: 19/19 MP: 0/0
   196 | D:1      | Found Zeisuj's Jewellery Shop.
   221 | D:1      | Reached XP level 2. HP: 27/27 MP: 1/1
   516 | D:1      | You fall into a shaft and drop 1 floor!
   583 | D:2      | Reached XP level 3. HP: 33/33 MP: 2/2
   742 | D:2      | Reached ** piety under Trog
  1253 | D:2      | Quit the game

Illustrated notes

Levels and vault maps discovered:
D:1:      minmay_arrival_shattered_statue, layout_loops_cross, serial_shops,
          nicolae_shop_crystal, dk_noncrumbling_4, minmay_misc_feat_tiny,
          corner_web_ring
D:2:      layout_loops_cross, chequers_serial_rivers_marsh,
          minmay_misc_feat_doors

Skill      XL: |  1  2  3 |
---------------+----------+-----
Axes           | 4 |  4.5
Fighting       | 4 |  4.0
Armour         | 3 |  3.0
Dodging        | |  2.8

Action                     || total
---------------------------++-------
  Melee: Hand axe          ||    75
         Headbutt          ||     7
 Armour: Ring mail         ||    24
         Scale mail        ||    16
  Dodge: Dodged            ||    37

Table legend: (Time is in decaauts)
 A = Elapsed time spent in this place.
 B = Non-inter-level travel time spent in this place.
 C = Inter-level travel time spent in this place.
 D = Time resting spent in this place.
 E = Time spent auto-exploring this place.
 F = Levels seen in this place.
 G = Mean time per level.
                   A        B        C        D        E       F      G
               +--------+--------+--------+--------+--------+-----+--------+
         Total |   1260 |   1202 |     58 |      0 |    974 |   2 |  630.0 |
       Dungeon |   1260 |   1202 |     58 |      0 |    974 |   2 |  630.0 |
               +--------+--------+--------+--------+--------+-----+--------+

Top non-repeatable levels by time:
     D:2: 741 daAuts
     D:1: 518 daAuts
